cohdb
Replays
Latest Replays
All Replays
Popular Replays
Top Player Replays
Match Explorer
How It Works
Community
CoH3 Stats
Reddit
Sign in to upload your games and track your stats! →
Sign in with Steam
Match 39556581
Unlisted
Match 39556581
Overview
Messages
Build Orders
End
Construct Section Command Post
Vickers Machine Gun Team
Infantry Section
Royal Engineer Section
Grenade Package
Construct Field Infirmary
Vickers Machine Gun Team
Selects Indian Artillery Battlegroup
Selects War Cry
Selects Towed ML 4.2-inch Heavy Mortar
Construct Platoon Command Post
ML 3-inch Mortar Team
Unlock M3 Stuart Light Tanks
6-pounder Anti-tank Gun Team
Infantry Section
M3 Stuart Light Tank
M3 Stuart Light Tank
6-pounder Anti-tank Gun Team
6-pounder Anti-tank Gun Team
Royal Engineer Section
Vickers Machine Gun Team
6-pounder Anti-tank Gun Team
BIG FAT TONY
Memes
BBL Drizzy
Nashorn101
0
0
Comments
sign in to comment!
No comments posted yet!